 Dungeon Crawl Stone Soup version 0.19-a0-1457-g32fba05 (webtiles) character file.

13261 Amnesiac the Covert (level 11, -3/55 HPs)
             Began as a Felid Enchanter on Sept 7, 2016.
             Was the Champion of Dithmenos.
             Killed from afar by an ice dragon (58 damage)
             ... with a blast of cold
             ... on level 2 of the Lair of Beasts.
             The game lasted 00:43:36 (17948 turns).

Amnesiac the Covert (Felid Enchanter)              Turns: 17948, Time: 00:43:37

Health: -3/55      AC:  2    Str:  2    XL:     11   Next: 73%
Magic:  20/21      EV: 26    Int: 16    God:    Dithmenos [******]
Gold:   1781       SH:  0    Dex: 19    Spells: 5 memorised, 10 levels left
                                        Lives:  0   Deaths: 2

rFire  + + .     SeeInvis +       - Unarmed
rCold  x . .     Gourm    .     (armour unavailable)
rNeg   . . .     Faith    .     (shield unavailable)
rPois  .         Spirit   .     (helmet unavailable)
rElec  .         Dismiss  .     (cloak unavailable)
rCorr  .         Reflect  .     (gloves unavailable)
MR     ++...     Harm     .     (boots unavailable)
Stlth  ++++++++++               (no amulet)
                                P - ring of fire
                                C - ring of protection from magic

@: wreathed by umbra, quick
A: no armour, no weapons or thrown items, claws 1, fangs 3, see invisible,
carnivore 3, dopey 1, fire resistance 1, speed 1, shaggy fur 2, slow metabolism
1, weak 1, evolution 1, sharp paws
a: Shadow Step, Shadow Form, Renounce Religion


You were on level 2 of the Lair of Beasts.
You worshipped Dithmenos.
Dithmenos was exalted by your worship.
You were completely stuffed.

You visited 4 branches of the dungeon, and saw 15 of its levels.
You also visited: Volcano.

You collected 1910 gold pieces.
You spent 129 gold pieces at shops.

Inventory:

Jewellery
 C - a ring of protection from magic (left paw)
 P - a ring of fire (right paw)
Wands
 r - a wand of iceblast (6/15)
 B - a wand of lightning (8/15)
 K - a wand of confusion (16/48)
 M - a wand of iceblast (8/15)
 N - a wand of digging (16/24)
Scrolls
 c - 12 scrolls of identify
 f - 2 scrolls of amnesia {unknown}
 h - 3 scrolls of enchant weapon {unknown}
 k - 4 scrolls of teleportation {unknown}
 m - 3 scrolls of enchant armour {unknown}
 n - a scroll of fog {unknown}
 o - 7 scrolls of remove curse {unknown}
 q - 4 scrolls of random uselessness {unknown}
 u - a scroll of recharging {unknown}
 y - a scroll of fear {unknown}
 A - 2 scrolls of magic mapping {unknown}
 D - a scroll of noise {unknown}
 E - 2 scrolls of blinking {unknown}
Potions
 d - 3 potions of degeneration {unknown}
 e - a potion of haste
 g - 3 potions of flight {unknown}
 i - 9 potions of curing
 j - 2 potions of mutation {unknown}
 l - 2 potions of berserk rage {unknown}
 p - a potion of cure mutation {unknown}
 s - 3 potions of agility {unknown}
 t - 2 potions of brilliance {unknown}
 w - a potion of heal wounds {unknown}
 x - 2 potions of invisibility {unknown}
 z - a potion of ambrosia {unknown}
 Q - a potion of experience {unknown}
Books
 a - a book of Maledictions

   Spells                             Type                      Level
   a - Corona                         Hexes                        1
   b - Ensorcelled Hibernation        Hexes/Ice                    2
   c - Confuse                        Hexes                        3
   d - Tukima's Dance                 Hexes                        3
   e - Dazzling Spray                 Conjuration/Hexes            3
 F - a book of the Sky

   Spells                             Type                      Level
   a - Summon Lightning Spire         Summoning/Air                4
   b - Airstrike                      Air                          4
   c - Silence                        Hexes/Air                    5
   d - Deflect Missiles               Charms/Air                   6
   e - Conjure Ball Lightning         Conjuration/Air              6
   f - Tornado                        Air                          9
 G - a Grand Grimoire

   Spells                             Type                      Level
   a - Monstrous Menagerie            Summoning                    7
   b - Summon Greater Demon           Summoning                    7
   c - Malign Gateway                 Summoning/Translocation      7
   d - Summon Horrible Things         Summoning                    8
 H - a book of Debilitation

   Spells                             Type                      Level
   a - Corona                         Hexes                        1
   b - Slow                           Hexes                        2
   c - Gell's Gravitas                Hexes/Translocation          3
   d - Inner Flame                    Hexes/Fire                   3
   e - Cause Fear                     Hexes                        4
   f - Leda's Liquefaction            Hexes/Earth                  4
 I - a book of Battle

   Spells                             Type                      Level
   a - Infusion                       Charms                       1
   b - Shroud of Golubria             Charms/Translocation         2
   c - Song of Slaying                Charms                       2
   d - Spectral Weapon                Hexes/Charms                 3
   e - Regeneration                   Charms/Necromancy            3
 J - a book of the Tempests

   Spells                             Type                      Level
   a - Static Discharge               Conjuration/Air              3
   b - Lightning Bolt                 Conjuration/Air              5
   c - Fireball                       Conjuration/Fire             5
   d - Tornado                        Air                          9
   e - Shatter                        Earth                        9
Comestibles
 b - 4 meat rations
 v - 2 beef jerkies
 L - 9 royal jellies
 O - 3 chunks of flesh


   Skills:
 - Level 11.0 Fighting
 - Level 9.0 Dodging
 - Level 13.1 Stealth
 + Level 11.8 Unarmed Combat
 - Level 6.0 Spellcasting
 - Level 12.0 Hexes


You had 10 spell levels left.
You knew the following spells:

 Your Spells              Type           Power        Failure   Level  Hunger
a - Corona                Hex            #####..      1%          1    None
b - Confuse               Hex            #####...     1%          3    ##.....
c - Tukima's Dance        Hex            #####...     1%          3    ##.....
e - Dazzling Spray        Conj/Hex       ###...       3%          3    ##.....
f - Ensorcelled Hibernat  Hex/Ice        ###...       1%          2    #......


Dungeon Overview and Level Annotations

Branches:
Dungeon (10/15)            Temple (1/1) D:6            Lair (2/6) D:9
    Orc (2/2) D:10            Elf (0/3) Orc:2
  Swamp: Lair:2-4    Shoals: Lair:2-4     Snake: Lair:2-4    Spider: Lair:2-4

Altars:
Ashenzari
Cheibriados
Dithmenos
Elyvilon
Fedhas
Gozag
Hepliaklqana
Kikubaaqudgha
Makhleb
Nemelex Xobeh
Okawaru
Qazlal
Ru
Sif Muna
Trog
Uskayaw
Vehumet
Xom
Yredelemnul
Zin
The Shining One
Beogh

Shops:
D:4 [   D:6 **}[   D:10 *   Orc:1 !   Orc:2 (*:[


Innate Abilities, Weirdness & Mutations

You cannot wear armour.
You are incapable of wielding weapons or throwing items.
You have sharp claws.
You have razor-sharp teeth.
You have supernaturally acute eyesight. (SInv)
You are carnivorous and can eat meat at any time.
You cover ground quickly.
You are covered in thick fur. (AC +2)
You have a slow metabolism.
Your sharp claws are effective at attacking unaware monsters.
You are dopey. (Int -2)
Your flesh is heat resistant. (rF+)
You are weak. (Str -2)
You evolve.


Message History

The blast of cold hits the ice beast.
The ice beast completely resists.
The blast of cold misses you.
A komodo dragon comes into view.
Found 20 gold pieces.
You catch the helpless spiny frog completely off-guard!
You eviscerate the spiny frog!!!
The komodo dragon hisses angrily.
You claw the spiny frog.
You kill the spiny frog!
Dithmenos accepts your kill.
Found a book of the Tempests.
An ice beast comes into view.
An ice beast comes into view.
The rime drake breathes ice at you. The flash freeze misses you.
The ice dragon breathes frost at you.
The blast of cold hits the ice beast.
The ice beast completely resists.
The blast of cold hits you!
You feel a terrible chill!
Ouch! That really hurt!
You die...

# ##...#..>....
#....#.....#.......#.
#..#..##.#..P.........#
#.##.....# ............
###...#..# .....#.....
##....#.#####..........
#.....####..Y(........
##....# #.............
####†#.######.##@..###..#
#..#.####.....#.Y.......#
.....#)#......Y.Y.....#.#
#..#..##....D...Y.....P.#
.....k##...k.kY.....$...#
.##.#YY..Y............#.#
....Y.##................#
#..#..##.#....#..l......#
...Y.#$#...>....Y....:#.#


You could see an ice dragon, a komodo dragon, 2 yaks, 2 rime drakes and 5 ice
beasts.

Vanquished Creatures
  An orc warlord (Orc:2)
  Fannar (Orc:1)
  2 hydras
  An orc high priest (Orc:2)
  A deep elf knight (Volcano)
  Nergalle (Orc:1)
  2 unseen horrors
  A lindwurm (Lair:1)
  3 orc sorcerers (Orc:2)
  6 deep elf magi
  3 orc knights (Orc:2)
  2 molten gargoyles (Volcano)
  2 spiny frogs
  A rime drake (Lair:2)
  A komodo dragon (Lair:1)
  3 trolls
  A wyvern (D:10)
  6 yaks
  A fire bat (Volcano)
  4 hippogriffs
  Menkaure (D:4)
  4 wargs
  2 soldier ants (D:10)
  A water moccasin (Lair:1)
  2 ice beasts
  4 porcupines (Lair:1)
  2 black bears
  3 wasps
  3 sky beasts
  27 orc warriors
  3 phantoms
  An eye of draining (D:10)
  9 ogres
  A necrophage (D:9)
  A centaur (D:8)
  3 crocodiles
  3 big kobolds
  10 giant frogs
  3 scorpions
  7 killer bees (D:10)
  11 wights
  2 howler monkeys
  5 crimson imps
  5 lava snakes (Volcano)
  2 giant frog zombies
  2 quasits
  4 giant frog skeletons
  4 hounds
  4 jellies
  2 centaur skeletons
  A gnoll shaman (D:7)
  17 orc priests
  25 orc wizards
  2 iguanas
  7 worker ants
  A killer bee zombie (D:8)
  2 hound skeletons
  A howler monkey zombie (D:5)
  10 adders
  3 gnolls (D:7)
  A howler monkey skeleton (D:4)
  17 river rats (Lair:1)
  4 shadow imps
  2 oozes
  2 adder skeletons
  2 adder zombies
  3 worms
  5 dart slugs
  7 giant geckos
  64 orcs
  8 bats
  6 giant cockroaches
  9 goblins
  7 hobgoblins
  6 jackals
  A quokka (D:2)
  A giant gecko skeleton (D:4)
  A giant gecko zombie (D:8)
  6 giant newts
  22 kobolds
  2 quokka skeletons
  A quokka zombie (D:8)
  10 rats
430 creatures vanquished.

Vanquished Creatures (others)
  A fungus (Lair:1)
1 creature vanquished.

Grand Total: 431 creatures vanquished

Notes
Turn   | Place    | Note
-------+----------+-------------------------------------------
     0 | D:1      | Amnesiac the Felid Enchanter began the quest for the Orb.
     0 | D:1      | Reached XP level 1. HP: 7/7 MP: 4/4
   474 | D:2      | Found a faded altar of an unknown god.
   545 | D:1      | Reached XP level 2. HP: 11/11 MP: 6/6
   553 | D:1      | Learned a level 2 spell: Ensorcelled Hibernation
   615 | D:1      | Reached skill level 5 in Stealth
  1031 | D:1      | Reached XP level 3. HP: 3/14 MP: 0/7
  1451 | D:2      | Learned a level 3 spell: Confuse
  1472 | D:2      | Reached skill level 6 in Stealth
  1803 | D:3      | Found an opulent altar of Gozag.
  1825 | D:4      | Reached XP level 4. HP: 18/18 MP: 8/8
  1909 | D:4      | Found Wourit's Antique Armour Boutique.
  2027 | D:4      | Reached skill level 7 in Stealth
  2359 | D:4      | Reached XP level 5. HP: 9/21 MP: 4/9
  2537 | D:4      | Reached skill level 5 in Hexes
  2724 | D:4      | Noticed Menkaure
  2737 | D:4      | Killed Menkaure
  2737 | D:4      | Gained mutation: You are covered in thick fur. (AC +2) [Felid growth]
  2737 | D:4      | Reached XP level 6. HP: 13/24 MP: 4/10
  3263 | D:4      | Noticed a sky beast
  3300 | D:5      | Entered Level 5 of the Dungeon
  3919 | D:5      | Learned a level 3 spell: Dazzling Spray
  3982 | D:5      | Reached XP level 7. HP: 27/27 MP: 8/11
  4662 | D:6      | Found Desatrast's Gadget Shop.
  4681 | D:6      | Noticed a hippogriff
  4696 | D:6      | Killed a hippogriff
  4696 | D:6      | Reached skill level 10 in Hexes
  4813 | D:6      | Found Omoim's Armour Shop.
  4817 | D:6      | Noticed a yak
  4819 | D:6      | Noticed a yak
  4820 | D:6      | Found a staircase to the Ecumenical Temple.
  4822 | D:6      | Noticed a yak
  5188 | D:6      | Killed a yak
  5188 | D:6      | Reached XP level 8. HP: 31/31 MP: 7/14
  5392 | D:6      | Reached skill level 5 in Unarmed Combat
  5452 | D:6      | Found Wiabumos's General Store.
  5460 | D:6      | Bought a scroll of identify for 24 gold pieces
  5468 | D:6      | Found Hufyfani's Assorted Antiques.
  5476 | D:6      | Bought a yellow potion for 21 gold pieces
  5476 | D:6      | Bought a scroll labeled FUWNIOR SEILINA for 24 gold pieces
  5476 | D:6      | Bought a murky ruby potion for 21 gold pieces
  5575 | Temple   | Entered the Ecumenical Temple
  6215 | D:2      | Gained mutation: You are weak. (Str -2) [mutagenic meat]
  6220 | D:2      | Gained mutation: You evolve. [mutagenic meat]
  7293 | D:7      | Reached skill level 8 in Stealth
  7298 | D:7      | Found a glowing golden altar of the Shining One.
  7311 | D:7      | Found a shadowy altar of Dithmenos.
  7319 | D:7      | Reached skill level 9 in Stealth
  7341 | D:7      | Became a worshipper of Dithmenos the Shadowed
  7841 | D:7      | Reached XP level 9. HP: 34/34 MP: 15/15
  7858 | D:7      | Reached skill level 10 in Stealth
  8055 | D:7      | Found a deep blue altar of Sif Muna.
  8066 | D:7      | Found a stormy altar of Qazlal.
  8301 | D:8      | Reached * piety under Dithmenos
  8648 | D:8      | Noticed an unseen horror
  8656 | D:8      | Killed an unseen horror
  8963 | D:8      | Found a deep blue altar of Sif Muna.
  9419 | D:9      | Reached ** piety under Dithmenos
  9419 | D:9      | Reached skill level 10 in Unarmed Combat
  9423 | D:9      | Noticed a troll
  9427 | D:9      | Killed a troll
  9427 | D:9      | Reached XP level 10. HP: 37/37 MP: 13/16
  9442 | D:9      | Found a staircase to the Lair.
 10389 | D:10     | Entered Level 10 of the Dungeon
 10402 | D:10     | Learned a level 3 spell: Tukima's Dance
 10464 | D:10     | Reached *** piety under Dithmenos
 10464 | D:10     | Reached skill level 11 in Stealth
 10580 | D:10     | Noticed an unseen horror
 10587 | D:10     | Killed an unseen horror
 10587 | D:10     | Reached skill level 12 in Stealth
 10589 | D:10     | Found Urocs's General Store.
 10600 | D:10     | Bought a potion of curing for 39 gold pieces
 10766 | D:10     | Reached skill level 13 in Stealth
 10861 | D:10     | Gained mutation: Your flesh is heat resistant. (rF+) [evolution]
 11074 | D:10     | Reached skill level 5 in Dodging
 11329 | D:10     | Found a staircase to the Orcish Mines.
 11352 | D:10     | Reached **** piety under Dithmenos
 11628 | D:10     | Noticed a five-headed hydra
 11634 | D:10     | Killed a five-headed hydra
 11634 | D:10     | Reached XP level 11. HP: 40/40 MP: 14/17
 11840 | Orc:1    | Entered Level 1 of the Orcish Mines
 11892 | Orc:1    | Noticed Nergalle
 11897 | Orc:1    | Killed Nergalle
 11903 | Orc:1    | Noticed Fannar
 11973 | Orc:1    | Killed Fannar
 12184 | Orc:2    | Entered Level 2 of the Orcish Mines
 12227 | Orc:2    | Reached skill level 5 in Spellcasting
 12276 | Orc:2    | Gained mutation: You rapidly evolve. [evolution]
 12458 | Orc:2    | Noticed an orc sorcerer
 12460 | Orc:2    | Noticed an orc warlord
 12516 | Orc:2    | Noticed an orc sorcerer
 12522 | Orc:2    | Killed an orc sorcerer
 12540 | Orc:2    | Noticed an orc knight
 12545 | Orc:2    | Killed an orc knight
 12741 | Orc:2    | Noticed an orc knight
 12801 | Orc:1    | Found Uritz's Distillery.
 12817 | Orc:1    | Reached skill level 1 in Fighting
 12824 | Orc:1    | HP: 2/42 [orc priest/divine providence (13)]
 12825 | Orc:1    | Slain by an orc
 12826 | Orc:1    | Reached XP level 10. HP: -1/39 MP: 13/20
 12893 | Orc:1    | Reached ***** piety under Dithmenos
 13327 | Orc:1    | You fall through a shaft!
 13333 | Orc:2    | Noticed an orc high priest
 13377 | Orc:1    | Gained mutation: You are dopey. (Int -2) [evolution]
 13377 | Orc:1    | Lost mutation: You rapidly evolve. [end of evolution]
 13672 | Orc:1    | HP: 2/40 [poisoned by an orc warrior]
 14132 | Orc:2    | Found a roughly hewn altar of Beogh.
 14466 | Orc:2    | Noticed a deep elf mage
 14476 | Orc:2    | Killed a deep elf mage
 14714 | Orc:2    | Noticed an orc sorcerer
 14742 | Orc:2    | Killed an orc sorcerer
 14742 | Orc:2    | Reached skill level 5 in Fighting
 14742 | Orc:2    | Reached XP level 11. HP: 36/47 MP: 7/21
 14955 | Orc:2    | Killed an orc knight
 15167 | Orc:2    | Noticed an orc knight
 15178 | Orc:2    | Killed an orc knight
 15312 | Orc:2    | Killed an orc warlord
 15413 | Orc:2    | Killed an orc sorcerer
 15565 | Orc:2    | Killed an orc high priest
 15643 | Orc:2    | Found a staircase to the Elven Halls.
 15696 | Orc:2    | Found Nuanoa Yreps's General Store.
 15745 | Orc:2    | Found Gen Koacsui's Book Boutique.
 15760 | Orc:2    | Found Vasivud's Antique Armour Boutique.
 15775 | Orc:2    | Found Raxaoh's Antique Weapon Boutique.
 16387 | Lair:1   | Entered Level 1 of the Lair of Beasts
 16576 | Lair:1   | Noticed a seven-headed hydra
 16628 | Lair:1   | HP: 2/53 [seven-headed hydra (10)]
 16628 | Lair:1   | Mangled by a seven-headed hydra
 16629 | Lair:1   | Reached XP level 10. HP: -9/49 MP: 6/20
 16704 | Lair:1   | Reached XP level 11. HP: 54/54 MP: 16/21
 16807 | Lair:1   | Reached skill level 10 in Fighting
 16854 | Lair:1   | Found a dark tunnel.
 16854 | Lair:1   | Noticed a lindwurm
 16861 | Lair:1   | Killed a lindwurm
 16902 | Volcano  | Entered a volcano
 17109 | Volcano  | Found a bloodstained altar of Trog.
 17109 | Volcano  | Noticed a deep elf mage
 17109 | Volcano  | Noticed a deep elf mage
 17109 | Volcano  | Noticed a deep elf mage
 17109 | Volcano  | Noticed a deep elf knight
 17111 | Volcano  | Killed a deep elf knight
 17114 | Volcano  | Killed a deep elf mage
 17115 | Volcano  | Killed a deep elf mage
 17116 | Volcano  | Killed a deep elf mage
 17131 | Volcano  | Noticed a deep elf mage
 17134 | Volcano  | Killed a deep elf mage
 17134 | Volcano  | Reached ****** piety under Dithmenos
 17179 | Volcano  | Noticed a deep elf mage
 17182 | Volcano  | Killed a deep elf mage
 17493 | Lair:1   | Killed a seven-headed hydra
 17924 | Lair:2   | Noticed an ice dragon
 17948 | Lair:2   | Killed from afar by an ice dragon

Vault maps used:
D:1:      sevenhm_arrival_forest_fort_large_4, grunt_decor_fettered,
          minmay_pentomino_p4
D:2:      ecumenical_altar_2, minmay_misc_feat_cross
D:3:      grunt_gozag_statues
D:4:      serial_shops, shop_statue, uniq_menkaure
D:5:      first_bread
D:6:      serial_shops, shop, nicolae_shop_trees, kennysheep_mini, shop
D:7:      minitemple, grunt_temple_overflow_open
D:8:      basic_altar
D:9:      lair_0_dummy
D:10:     erik_orc_3, serial_shops, shop, hangedman_pestilent_swarm,
          grunt_tough_drop
Temple:   minmay_temple_bridge_d
Lair:1:   nicolae_volcano_entry_vermiform
Lair:2:   minmay_snake_entry_guardpost_medium,
          minmay_guarded_unrand_chilly_death
Orc:1:    serial_shops, shop, uniq_nergalle, uniq_fannar
Orc:2:    grunt_orc_cross
Volcano:  volcano_lake

Skill      XL: |  1  2  3  4  5  6  7  8  9 10 11 |
---------------+----------------------------------+-----
Stealth        | 5 6 7 9 10 13 | 13.1
Unarmed Combat | 2 6 10 11 | 11.8
Hexes          | 7 9 11 12 | 12.0
Spellcasting   | 3 6 |  6.0
Dodging        | 8 9 |  9.0
Fighting       | 5 11 | 11.0

Action                   |  1- 3 |  4- 6 |  7- 9 | 10-12 || total
-------------------------+-------+-------+-------+-------++-------
Melee: Unarmed           |    96 |    91 |   171 |   427 ||   785
       Bite              |     4 |    10 |     5 |    21 ||    40
       Punch             |       |       |     4 |    15 ||    19
 Cast: Ensorcelled Hiber |     8 |    19 |    59 |   219 ||   305
       Confuse           |       |    14 |    14 |    23 ||    51
       Dazzling Spray    |       |       |       |    22 ||    22
  Use: Potion            |       |       |       |     5 ||     5
 Stab: Sleeping          |    15 |    15 |    68 |   181 ||   279
       Confused          |       |     7 |    15 |    10 ||    32
       Distracted        |       |       |     2 |     3 ||     5
       Invisible         |       |       |       |     7 ||     7
  Eat: Chunk             |    10 |     7 |    16 |    32 ||    65
Armor: Skin              |     3 |     1 |     4 |     8 ||    16
Dodge: Dodged            |    67 |    41 |   102 |   413 ||   623
